cohdb
Replays
Latest Replays
All Replays
Popular Replays
Top Player Replays
Match Explorer
How It Works
Community
CoH3 Stats
Reddit
Sign in to upload your games and track your stats! →
Sign in with Steam
Match 39832748
Unlisted
Match 39832748
Overview
Messages
Build Orders
End
Scout Squad
Construct Weapon Support Center
Bazooka Squad
M1919 Machine Gun Team
Construct Barracks
Riflemen Squad
Riflemen Squad
Mechanized Support Center
Selects Heavy Weapons
Selects M2HB .50cal Heavy Machine Gun
Bazooka Squad
M3 Armored Personnel Carrier
Selects Assault Carriers
Construct Medical Station
Construct Motor Pool
M1 Anti-tank Gun Team
Selects Assault Carriers
Selects Halftrack Strongpoints
M24 Chaffee Light Tank
M24 Chaffee Light Tank
Engineer Squad
Selects M26 Pershing Heavy Tank
M1 Anti-tank Gun Team
ChiefRedSkins
PUT ME DOWN AND WATCH ME GO
0
0
Comments
sign in to comment!
No comments posted yet!